 Dungeon Crawl Stone Soup version 0.26.1-10-gdfb7c7de75 (webtiles) character file.

Game seed: 7853452008410695591

57895 nonceun the Severer (level 14, -5/132 HPs)
             Began as a Minotaur Berserker on Apr 1, 2021.
             Was a High Priest of Trog.
             Slain by a two-headed ogre
             ... wielding a +0 giant club of flaming
              (10 damage)
             ... in a volcano on Apr 2, 2021.
             The game lasted 01:37:51 (26625 turns).

nonceun the Severer (Minotaur Berserker)           Turns: 26625, Time: 01:37:53

Health: -5/132     AC: 15    Str: 31    XL:     14   Next: 47%
Magic:  13/13      EV:  8    Int:  4    God:    Trog [*****.]
Gold:   1178       SH:  5    Dex: 14    Spells: 13/13 levels left

rFire    . . .     SeeInvis .   a - +12 battleaxe of Gluttony {vorpal, *Drain Dex+2 Stlth+}
rCold    + . .     Faith    .   (shield currently unavailable)
rNeg     . . .     Spirit   .   X - +0 plate armour
rPois    +         Reflect  +   N - +2 hat
rElec    .         Harm     .   O - +0 cloak
rCorr    .         Rampage  .   d - +0 pair of gloves (curse)
Will     +....                  (no boots)
Stlth    ..........             K - amulet of reflection
HPRegen  0.32/turn              l - +6 ring of strength
MPRegen  0.13/turn              A - +4 ring of slaying

@: no status effects
A: retaliatory headbutt, horns 2, cold resistance 1, poison resistance
a: Renounce Religion, Berserk, Trog's Hand, Brothers in Arms


You were in a volcano.
You worshipped Trog.
Trog was extremely pleased with you.
You visited 3 branches of the dungeon, and saw 20 of its levels.
You also visited: Ice Cave and Volcano.

You collected 1750 gold pieces.
You spent 572 gold pieces at shops.

Inventory:

Hand Weapons
 a - the +12 battleaxe of Gluttony (weapon) {vorpal, *Drain Dex+2 Stlth+}
   (Trog gifted it to you on level 10 of the Dungeon)

   It inflicts extra damage upon your enemies.
   It affects your dexterity (+2).
   It causes draining when unequipped.
   It makes you more stealthy.
 b - a +0 shortbow
 n - a +2 antimagic battleaxe
 P - a +2 battleaxe
Missiles
 k - 4 throwing nets
 r - 35 boomerangs
 s - 50 poisoned darts (quivered)
 u - 147 arrows
 H - 13 atropa-tipped darts
Armour
 d - a cursed +0 pair of gloves (worn)
 N - a +2 hat (worn)
 O - a +0 cloak (worn)
 X - a +0 plate armour (worn)
Jewellery
 l - a +6 ring of strength (left hand)
 A - a +4 ring of slaying (right hand)
 F - an uncursed ring of flight
 J - a +6 ring of strength
 K - an amulet of reflection (around neck)
 R - a +4 ring of protection
Wands
 i - a wand of paralysis (13)
 v - a wand of iceblast (27)
Scrolls
 c - 5 scrolls of fear
 e - 5 scrolls of teleportation
 g - 2 scrolls of identify
 m - a scroll of silence
 o - a scroll of enchant weapon
 p - 2 scrolls of blinking
 q - 2 scrolls of fog
 G - 2 scrolls of summoning
 M - a scroll of immolation
 S - a scroll of magic mapping
Potions
 f - 5 potions of ambrosia
 h - 3 potions of curing
 j - 7 potions of attraction
 t - 3 potions of invisibility
 w - 2 potions of might
 x - 5 potions of haste
 C - 12 potions of heal wounds
 L - a potion of lignification
Miscellaneous
 D - a phial of floods
 I - a box of beasts


   Skills:
 + Level 14.2 Fighting
 + Level 20.2 Axes
 - Level 14.0 Bows
 - Level 2.4 Armour
 - Level 2.1 Dodging
 * Level 2.6 Evocations


You had 13 spell levels left.
You didn't know any spells.
Your spell library was empty.

Dungeon Overview and Level Annotations

Branches:
Dungeon (13/15)            Temple (0/1) D:4            Lair (5/6) D:9
 Shoals (0/4) Lair:4       Spider (0/4) Lair:3          Orc (2/2) D:10
    Elf (0/3) Orc:2        Vaults (0/5) D:13          IceCv (visited)
Volcano (1/1)
  Slime: Lair:5-6

Altars:
Cheibriados
Elyvilon
Fedhas
Gozag
Makhleb
Ru
Sif Muna
Trog
Xom
Yredelemnul
Zin
The Shining One

Shops:
D:5 (   D:10 !   D:13 !   Orc:2 }=

Portals:
Trove: D:13 (give 6 scrolls of fear)

Annotations:
Lair:4 !five-headed hydra
Lair:5 !seven-headed hydra


Innate Abilities, Weirdness & Mutations

You reflexively headbutt those who attack you in melee.
You have a pair of horns on your head.
Your flesh is cold resistant. (rC+)
Your system is resistant to poisons. (rPois)


Message History

The two-headed ogre is engulfed in blazing flames.
The two-headed ogre hits you with a +0 giant club of flaming!!
* * * LOW HITPOINT WARNING * * *
The two-headed ogre burns you!
* * * LOW HITPOINT WARNING * * *
The two-headed ogre hits you with a +0 great mace of flaming.
* * * LOW HITPOINT WARNING * * *
The two-headed ogre burns you.
* * * LOW HITPOINT WARNING * * *
Found three items.
There is an open door, spattered with blood here.
Things that are here:
a +0 giant club of flaming; a +1 great mace of flaming; a hell hound corpse You feel much better.
The fire bat barely misses you. You furiously retaliate!
You headbutt the fire bat.
The two-headed ogre is engulfed in blazing flames.
The two-headed ogre hits you with a +0 giant club of flaming!!
* * * LOW HITPOINT WARNING * * *
The two-headed ogre burns you!
You die...

≈≈≈≈≈≈≈^+ #○☼○○○§≈§
≈≈≈≈≈≈≈^# #○§○○○§°#
≈≈≈≈≈.≈.# ##°○○○☼○○§
≈≈≈≈≈≈...####°°○≈°○○§○
≈≈≈≈≈≈≈.....°○°○°§°°°≈
≈≈≈≈≈≈≈..####○○°○○°○°≈
≈ ##○○##°§°≈○§§≈
#○°○○#°°○°☼§§≈
#○°○b@°§°°°≈°§
#°°°O#°○°°°§≈○
##°○##°○°°§°§≈ ###
☼°○°○≈§§# ☼°§§§≈§#§
○°§§§○§○# ##☼§§§°°°≈
°○ °°°


You could see a two-headed ogre and a fire bat.

Vanquished Creatures
  The ghost of CrypticCrinoid the Severer, a journeyman MiBe of Trog (Orc:1)
  An ettin (Orc:2)
  Erolcha (Orc:2)
  4 hydras
  A catoblepas (Lair:3)
  5 death yaks (Lair:4)
  5 two-headed ogres
  2 unseen horrors
  Pikel (D:5)
  An orc knight (Orc:1)
  An orb spider (Lair:3)
  A necromancer (D:13)
  3 ugly things
  A cyclops (Orc:2)
  A manticore (D:12)
  2 black mambas
  2 centaur zombies
  A merfolk siren (Lair:4)
  2 torpor snails
  Psyche (D:8)
  A gargoyle (D:12)
  2 ice statues (IceCv)
  9 cane toads
  A centaur skeleton (D:13)
  2 freezing wraiths
  A rime drake (Lair:5)
  7 komodo dragons
  An efreet (D:13)
  A queen bee (Lair:1)
  4 red devils (D:13)
  3 merfolk (Lair:4)
  7 trolls
  Grinder (D:5)
  A polar bear (Lair:5)
  4 slime creatures (D:13)
  A hornet (D:10)
  10 blink frogs
  A spriggan (Lair:2)
  A shadow (D:13)
  Sigmund (D:3)
  58 yaks
  A fire bat (Volcano)
  3 basilisks
  4 neqoxecs (Orc:1)
  A wyvern (D:13)
  4 wargs
  Edmund (D:5)
  Menkaure (D:6)
  12 water moccasins
  A soldier ant (D:13)
  A hell hound (Volcano)
  Duvessa (D:7)
  A swamp drake (D:9)
  4 eyes of draining
  3 black bears
  A hornet zombie (D:8)
  9 ice beasts
  3 phantoms
  4 sky beasts
  16 orc warriors
  11 wolves
  15 ogres
  4 centaurs
  3 big kobolds
  9 bullfrogs
  2 wyvern zombies
  2 gnoll sergeants
  10 scorpions
  A water moccasin skeleton (D:9)
  Dowan (D:7)
  19 killer bees
  11 wights
  4 electric eels
  5 howler monkeys
  A bullfrog zombie (D:12)
  7 hounds
  A jelly (D:11)
  3 quasits (Orc:1)
  3 bullfrog skeletons
  14 orc priests
  3 iguanas
  11 orc wizards
  7 worker ants
  A hound zombie (D:10)
  A hound skeleton (D:6)
  A worker ant zombie (D:11)
  A howler monkey zombie (D:6)
  11 gnolls
  13 adders
  A shadow imp (D:10)
  2 white imps
  An ufetubus (D:5)
  An ooze (D:5)
  An adder skeleton (D:3)
  4 worms
  2 dart slugs (D:1)
  8 leopard geckos
  51 orcs
  2 ball pythons
  4 giant cockroaches
  9 goblins
  2 hobgoblins
  11 jackals
  21 kobolds
  5 quokkas
  14 bats
  4 frilled lizards (D:1)
  A leopard gecko skeleton (D:5)
  2 leopard gecko zombies
  A quokka zombie (D:8)
  4 rats
551 creatures vanquished.

Vanquished Creatures (collateral kills)
  A boulder beetle (Lair:5)
  A death yak (Lair:4)
2 creatures vanquished.

Vanquished Creatures (others)
  A two-headed ogre (Volcano)
  Maurice (D:8)
  24 fungi
  17 plants
43 creatures vanquished.

Grand Total: 596 creatures vanquished

Notes
Turn   | Place    | Note
-------+----------+-------------------------------------------
     0 | D:1      | nonceun the Minotaur Berserker began the quest for the Orb.
     0 | D:1      | Reached XP level 1. HP: 19/19 MP: 0/0
    69 | D:1      | Reached skill level 4 in Axes
   543 | D:1      | Reached XP level 2. HP: 26/26 MP: 1/1
   841 | D:1      | Reached skill level 5 in Axes
  1129 | D:2      | Reached XP level 3. HP: 31/31 MP: 2/2
  1341 | D:2      | Reached ** piety under Trog
  2060 | D:2      | Found a basalt altar of Yredelemnul.
  2113 | D:2      | Found a white marble altar of Elyvilon.
  2136 | D:3      | Noticed Sigmund
  2136 | D:3      | Noticed an ogre
  2145 | D:2      | Killed an ogre
  2146 | D:2      | Reached skill level 6 in Axes
  2146 | D:2      | Reached XP level 4. HP: 3/39 MP: 3/3
  2441 | D:3      | Killed Sigmund
  2442 | D:3      | Reached skill level 8 in Axes
  2442 | D:3      | Reached XP level 5. HP: 45/45 MP: 4/4
  2442 | D:3      | Reached XP level 6. HP: 51/51 MP: 5/5
  2524 | D:3      | Found a faded altar of an unknown god.
  2817 | D:3      | Reached skill level 9 in Axes
  2876 | D:3      | Found a blossoming altar of Fedhas.
  4073 | D:4      | Found a staircase to the Ecumenical Temple.
  4256 | D:4      | Found a glowing golden altar of the Shining One.
  4286 | D:4      | Reached XP level 7. HP: 48/57 MP: 6/6
  4653 | D:4      | Found a bloodstained altar of Trog.
  4836 | D:5      | Entered Level 5 of the Dungeon
  5084 | D:5      | Reached skill level 10 in Axes
  5286 | D:5      | Noticed Edmund
  5314 | D:5      | Killed Edmund
  5526 | D:5      | Noticed Pikel
  5537 | D:5      | Killed Pikel
  5538 | D:5      | Reached skill level 5 in Fighting
  5538 | D:5      | Reached skill level 11 in Axes
  5538 | D:5      | Reached XP level 8. HP: 68/68 MP: 7/7
  5652 | D:5      | Reached skill level 12 in Axes
  5754 | D:5      | Found Hiduwk's Weapon Shop.
  5754 | D:5      | Noticed Grinder
  5756 | D:5      | Paralysed by Grinder for 5 turns
  5780 | D:5      | Killed Grinder
  6142 | D:5      | Found a burning altar of Makhleb.
  6291 | D:6      | Noticed Menkaure
  6303 | D:6      | Killed Menkaure
  6304 | D:6      | Reached skill level 13 in Axes
  6594 | D:6      | Reached XP level 9. HP: 46/74 MP: 8/8
  6782 | D:6      | Reached *** piety under Trog
  6786 | D:6      | Reached skill level 1 in Bows
  6957 | D:6      | Found a sacrificial altar of Ru.
  7407 | D:6      | Reached skill level 14 in Axes
  7953 | D:7      | Noticed Dowan
  7982 | D:7      | Noticed Duvessa
  7989 | D:7      | Killed Dowan
  7994 | D:7      | Killed Duvessa
  8066 | D:7      | Reached **** piety under Trog
  8201 | D:7      | Reached skill level 5 in Bows
  8216 | D:7      | Killed an unseen horror
  8394 | D:7      | Reached XP level 10. HP: 68/81 MP: 9/9
  8828 | D:8      | Noticed a two-headed ogre
  9094 | D:8      | Killed a two-headed ogre
  9238 | D:8      | Noticed Psyche
  9258 | D:8      | Killed Psyche
  9419 | D:8      | Noticed Maurice
  9447 | D:8      | Killed Maurice
 10022 | D:9      | Found a shimmering altar of Xom.
 10052 | D:9      | Found a snail-covered altar of Cheibriados.
 10132 | D:9      | Reached skill level 15 in Axes
 10227 | D:9      | Killed an unseen horror
 10228 | D:9      | Reached skill level 10 in Bows
 11397 | D:9      | Reached XP level 11. HP: 45/88 MP: 10/10
 11654 | D:9      | Found a staircase to the Lair.
 11827 | Lair:1   | Entered Level 1 of the Lair of Beasts
 11997 | Lair:1   | Reached ***** piety under Trog
 12179 | Lair:1   | Noticed a six-headed hydra
 13793 | Lair:3   | Noticed a catoblepas
 13814 | Lair:3   | Killed a catoblepas
 13869 | Lair:3   | Noticed a seven-headed hydra
 14623 | Lair:4   | Reached skill level 16 in Axes
 14624 | Lair:4   | Found a staircase to the Shoals.
 14892 | Lair:4   | Noticed a death yak
 14892 | Lair:4   | Noticed a death yak
 14893 | Lair:4   | Noticed a death yak
 14918 | Lair:4   | Noticed a death yak
 14920 | Lair:4   | Killed a death yak
 14921 | Lair:4   | Reached XP level 12. HP: 103/103 MP: 11/11
 14921 | Lair:4   | Noticed a death yak
 14925 | Lair:4   | Killed a death yak
 14926 | Lair:4   | Noticed a death yak
 14935 | Lair:4   | Killed a death yak
 14939 | Lair:4   | Killed a death yak
 14949 | Lair:4   | Killed a death yak
 14957 | Lair:4   | Killed a death yak
 16388 | Lair:4   | Noticed a five-headed hydra
 16483 | Lair:5   | Reached skill level 10 in Fighting
 16593 | Lair:5   | Reached skill level 17 in Axes
 16779 | Lair:5   | Noticed a seven-headed hydra
 16983 | Lair:5   | Noticed a six-headed hydra
 17112 | Lair:5   | Killed a ten-headed hydra
 17385 | Lair:5   | Noticed a boulder beetle
 17434 | Lair:5   | Killed a boulder beetle
 18098 | Lair:3   | Found a hole to the Spider Nest.
 18121 | Lair:3   | Reached skill level 18 in Axes
 18121 | Lair:3   | Reached XP level 13. HP: 68/113 MP: 12/12
 19059 | Lair:1   | Found a glowing silver altar of Zin.
 19120 | Lair:1   | HP: 5/113 [poisoned by a black mamba]
 19127 | Lair:1   | HP: 4/113 [poisoned by a black mamba]
 19134 | Lair:1   | HP: 4/113 [poisoned by a black mamba]
 19142 | Lair:1   | HP: 4/113 [poisoned by a black mamba]
 20088 | D:10     | Entered Level 10 of the Dungeon
 20101 | D:10     | Reached skill level 19 in Axes
 20228 | D:10     | Found a staircase to the Orcish Mines.
 20484 | D:10     | Found Soesek's Distillery.
 20527 | D:10     | Bought a potion of heal wounds for 65 gold pieces
 20527 | D:10     | Bought a potion of heal wounds for 65 gold pieces
 20527 | D:10     | Bought a potion of attraction for 39 gold pieces
 20527 | D:10     | Bought a potion of mutation for 104 gold pieces
 20527 | D:10     | Bought a potion of haste for 130 gold pieces
 20527 | D:10     | Bought a potion of heal wounds for 65 gold pieces
 20527 | D:10     | Bought a potion of mutation for 104 gold pieces
 20528 | D:10     | Gained mutation: Your flesh is cold resistant. (rC+)
                  | [potion of mutation]
 20528 | D:10     | Gained mutation: Your system is resistant to poisons.
                  | (rPois) [potion of mutation]
 20826 | D:10     | Received a gift from Trog
 20835 | D:10     | Got a transparent battleaxe {god gift}
 20929 | D:10     | Identified the +12 battleaxe of Gluttony {vorpal, *Drain
                  | Dex+2 Stlth+} (Trog gifted it to you on level 10 of the
                  | Dungeon)
 21040 | D:11     | Found a frozen archway.
 21069 | IceCv    | Entered an ice cave
 21196 | IceCv    | Found a transporter.
 21201 | IceCv    | Got a sparkling pewter ring
 21210 | IceCv    | Identified the ring of Nonacsut {MP+9 Int+4} (You found it
                  | in an ice cave)
 21219 | IceCv    | Found a transporter.
 21541 | IceCv    | Got a translucent scimitar
 22023 | D:11     | Found a shimmering blue altar of Sif Muna.
 22156 | D:11     | Found an opulent altar of Gozag.
 22765 | D:12     | Reached skill level 20 in Axes
 22788 | D:12     | Received a gift from Trog
 23578 | D:13     | Reached XP level 14. HP: 88/127 MP: 13/13
 23936 | D:13     | Found a portal to a secret trove of treasure.
 23981 | D:13     | Found Yfisyv's Distillery.
 24551 | D:13     | Found a gate to the Vaults.
 25257 | Orc:1    | Entered Level 1 of the Orcish Mines
 25560 | Orc:1    | Found a transporter.
 25617 | Orc:1    | Reached skill level 1 in Evocations
 25618 | Orc:1    | Received a gift from Trog
 25692 | Orc:1    | Noticed CrypticCrinoid's ghost (journeyman MiBe)
 25698 | Orc:1    | Found a transporter.
 26027 | Orc:1    | Killed CrypticCrinoid's ghost
 26213 | Orc:2    | Entered Level 2 of the Orcish Mines
 26213 | Orc:2    | Found a staircase to the Elven Halls.
 26220 | Orc:2    | Found Vaorot's Jewellery Shoppe.
 26260 | Orc:2    | Found Kequsoud's Gadget Shoppe.
 26264 | Orc:2    | Noticed Erolcha
 26274 | Orc:2    | Killed Erolcha
 26309 | Orc:2    | Found a dark tunnel.
 26321 | Volcano  | Entered a volcano
 26624 | Volcano  | HP: 5/132 [two-headed ogre/+0 giant club of flaming (13)]
 26624 | Volcano  | HP: 2/132 [two-headed ogre/+0 giant club of flaming (3)]
 26625 | Volcano  | Slain by a two-headed ogre

Illustrated notes

Levels and vault maps discovered:
D:1:      mrwooster_arrival_statue_2, layout_basic
D:2:      layout_basic, kennysheep_ying_yang, kennysheep_generic_room_14
D:3:      layout_loops_ring, marbit_many_paths,
          chequers_ecumenical_altar_island, uniq_sigmund
D:4:      layout_basic, tso_oasis_becter, lightli_temple_of_fire,
          minmay_temple_entry_hall
D:5:      layout_loops_corners, lemuel_coloured_pillars_altar, serial_shops,
          nicolae_shop_trees, uniq_grinder, uniq_edmund, uniq_pikel
D:6:      old_forge, layout_basic, basic_altar, uniq_menkaure
D:7:      layout_gridville, kennysheep_boxes, uniq_duvessa
D:8:      layout_loops_ring, uniq_maurice, uniq_psyche
D:9:      layout_basic, xom_butterflies, slow_altar_1, erik_lair_dragon,
          chequers_serial_rivers_micro_a
D:10:     minmay_clustersquares, layout_cave_pools, orc_0_dummy, serial_shops,
          nicolae_shop_crystal
D:11:     layout_big_octagon, basic_altar, portal_ice_cave_entry_pillars_2,
          serial_column_ruins, column_ruins_open_small, column_ruins_open_tiny,
          column_ruins_grid_1, column_ruins_corridor_straight,
          column_ruins_columns_straight, grunt_gozag_statues
D:12:     layout_basic
D:13:     layout_layer_cave, david_vaults_1, nicolae_trove_entry_diagonal,
          serial_shops, shop, einodemon_armed_red_devil_minivault
Lair:1:   layout_loops_ring, special_room [special_room_bee], basic_altar,
          small_statue_intersection, nicolae_lair_grove_arrangements,
          fungi_pond_lemuel, lemuel_fruit_tree
Lair:2:   layout_gridlike, wad_woods_03, lemuel_fruit_fields
Lair:3:   layout_chaotic_city, nicolae_spider_entry_orb_guardian
Lair:4:   layout_layer_cave, elwin_shoals_entry_stream,
          chequers_serial_rivers_large_a, serial_bayou_shore_a
Lair:5:   nzn_winding_woodlands_stair_trap [nzn_winding_woodlands_5x15_zeroes,
          nzn_winding_woodlands_5x15_garden,
          nzn_winding_woodlands_5x15_concentric,
          nzn_winding_woodlands_15x15_thick_spiral,
          nzn_winding_woodlands_5x15_jagged,
          nzn_winding_woodlands_5x15_sidewinder,
          nzn_winding_woodlands_5x15_crooked], layout_regular_city,
          serial_bayou_lagoon_a
Orc:1:    layout_caves, gammafunk_ghost_stat_death, nicolae_orc_tapped_out
Orc:2:    grunt_orc_tribal_feast, layout_caves, serial_shops, shop,
          nicolae_volcano_entry_s_turn, minmay_shop_enchanted_jewellery,
          uniq_erolcha
Volcano:  volcano_village

Skill      XL: |  1  2  3  4  5  6  7  8  9 10 11 12 13 14 |
---------------+-------------------------------------------+-----
Axes           | 4 5 6 8 9 11 13 14 15 16 18 20 | 20.2
Fighting       | 5 8 10 12 14 | 14.2
Bows           | 7 11 13 14 | 14.0
Evocations     | 2 |  2.6
Armour         | |  2.4
Dodging        | |  2.1

Action                   |  1- 3 |  4- 6 |  7- 9 | 10-12 | 13-15 || total
-------------------------+-------+-------+-------+-------+-------++-------
Melee: Hand axe          |   101 |   100 |   294 |       |       ||   495
       Headbutt          |    15 |    15 |    83 |   131 |   109 ||   353
       War axe           |       |       |       |   518 |    82 ||   600
       Battleaxe         |       |       |       |       |   302 ||   302
       Broad axe         |       |       |       |       |    44 ||    44
 Fire: Shortbow          |       |       |    45 |   190 |    92 ||   327
Throw: Dart              |       |       |       |     3 |       ||     3
Invok: Berserk           |       |     1 |     6 |     9 |     9 ||    25
       Trog's Hand       |       |       |       |     1 |       ||     1
       Brothers in Arms  |       |       |       |     2 |       ||     2
Evoke: Wand              |       |       |       |     3 |       ||     3
  Use: Scroll            |       |       |       |    19 |    12 ||    31
       Potion            |       |       |       |       |     3 ||     3
 Stab: Held in net/web   |       |       |     2 |       |       ||     2
Armor: Scale mail        |    28 |    29 |    10 |       |       ||    67
       Animal skin       |     2 |       |       |       |       ||     2
       Chain mail        |       |       |    60 |   105 |       ||   165
       Plate armour      |       |       |       |    73 |   140 ||   213
Dodge: Dodged            |    48 |    46 |    65 |   116 |   119 ||   394
Block: Buckler           |     1 |    11 |     9 |       |       ||    21
       Other             |       |       |     7 |    58 |    54 ||   119
       Reflection        |       |       |     2 |       |    11 ||    13
